 Dungeon Crawl Stone Soup version 0.26-a0-1129-gc5df7fbe6a (webtiles) character file.

Game seed: 8834393748031580405

448 vvl the Chiller (level 7, -2/51 HPs)
             Began as a Human Ice Elementalist on Dec 18, 2020.
             Slain by a worker ant (3 damage)
             ... in the Ecumenical Temple.
             The game lasted 00:23:04 (6113 turns).

vvl the Chiller (Human Ice Elementalist)            Turns: 6113, Time: 00:23:04

Health: -2/51      AC:  7    Str:  9    XL:     7   Next: 24%
Magic:  11/11      EV:  9    Int: 14    God:
Gold:   167        SH:  0    Dex: 14    Spells: 11/12 levels left

rFire    . . .     SeeInvis .   l - +0 flail
rCold    . . .     Faith    .   (no shield)
rNeg     . . .     Spirit   .   m - +0 scale mail
rPois    .         Reflect  .   (no helmet)
rElec    .         Harm     .   (no cloak)
rCorr    .         Rampage  .   (no gloves)
Will     .....                  (no boots)
Stlth    +.........             (no amulet)
HPRegen  0.17/turn              (no ring)
MPRegen  0.12/turn              (no ring)

@: lethally poisoned (-2 -> -7), flying
A: dopey 1, shaggy fur 1
a: no special abilities


You were in the Ecumenical Temple.
You visited 2 branches of the dungeon, and saw 6 of its levels.

You collected 167 gold pieces.

Inventory:

Hand Weapons
 l - a +0 flail (weapon)
 n - a cursed -3 falchion
Armour
 a - a +0 robe
 m - a +0 scale mail (worn)
 r - a +2 kite shield
Wands
 t - a wand of iceblast (6)
Scrolls
 b - 2 scrolls of enchant weapon {unknown}
 e - 2 scrolls of teleportation {unknown}
 f - 5 scrolls of remove curse
 i - 2 scrolls of identify
 j - a scroll of amnesia {unknown}
 k - a scroll of fear {unknown}
 v - a scroll of enchant armour {unknown}
 w - a scroll of blinking {unknown}
Potions
 c - 2 potions of invisibility {unknown}
 d - 2 potions of mutation
 h - a potion of berserk rage {unknown}
 o - a potion of might {unknown}
 p - a potion of cancellation {unknown}
 q - a potion of degeneration {unknown}
 s - a potion of flight
 u - a potion of attraction {unknown}


   Skills:
 * Level 2.6 Fighting
 + Level 2.3 Armour
 + Level 3.2 Dodging
 - Level 2.0 Stealth
 + Level 1.5 Shields
 - Level 0.2 Unarmed Combat
 + Level 3.3 Spellcasting
 + Level 5.4 Ice Magic


You had 11 spell levels left.
You knew the following spells:

 Your Spells              Type           Power        Failure   Level
a - Freeze                Ice            68%          17%         1

Your spell library contained the following spells:

 Spells                   Type           Power        Failure   Level
 Frozen Ramparts          Ice            34%          45%         3
 Ozocubu's Armour         Ice            17%          45%         3
 Hailstorm                Conj/Ice       9%           99%         4
 Summon Ice Beast         Ice/Summ       9%           99%         4


Dungeon Overview and Level Annotations

Branches:
Dungeon (5/15)             Temple (1/1) D:5

Altars:
Cheibriados
Dithmenos
Gozag
Nemelex Xobeh
Uskayaw
Wu Jian
Xom
The Shining One

Shops:
D:5 *


Innate Abilities, Weirdness & Mutations

You are dopey. (Int -2)
You are covered in fur. (AC +1)


Message History

You continue taking off your +2 kite shield.
You feel sick. The worker ant bites you.
* * * LOW HITPOINT WARNING * * *
You continue taking off your +2 kite shield.
You feel sick. The worker ant bites you.
* * * LOW HITPOINT WARNING * * *
You finish taking off your +2 kite shield.
Aiming: Iceblast
Press: ? - help, Shift-Dir - straight line
Okay, then.
It was a potion of flight.
You feel very buoyant.
You fly up into the air.
The worker ant bites you.
* * * LOW HITPOINT WARNING * * *
The worker ant barely misses you.
It was a potion of mutation.
You feel extremely strange.
You feel stupid. Fur sprouts all over your body.
* * * LOW HITPOINT WARNING * * *
You feel sick. The worker ant bites you.
You die...

_. .###. ._ ..#
... #.. #.# ._.
#.# #.# ... #.#
#.##.##.# .
#.#.#.# .
#...##...##...#
.._....@...._..
#...##..B##...#
. #.#.#.# .
#.##.##.# #.#
... #.# #.# ._.
#.# ..# ... #..
_. .###. ._


You could see a worker ant.

Vanquished Creatures
  A phantom (D:4)
  A howler monkey (D:4)
  Terence (D:2)
  3 worker ants (D:4)
  2 hound skeletons
  6 gnolls (D:5)
  5 adders
  An ufetubus (D:5)
  An ooze (D:2)
  An adder skeleton (D:4)
  2 worms
  3 dart slugs
  2 leopard geckos (D:2)
  A ball python (D:2)
  4 giant cockroaches
  10 goblins
  6 hobgoblins
  6 jackals
  7 kobolds
  A quokka (D:5)
  6 bats
  7 frilled lizards
  5 rats
82 creatures vanquished.

Notes
Turn   | Place    | Note
-------+----------+-------------------------------------------
     0 | D:1      | vvl the Human Ice Elementalist began the quest for the Orb.
     0 | D:1      | Reached XP level 1. HP: 13/13 MP: 3/3
   371 | D:1      | Reached XP level 2. HP: 17/20 MP: 3/5
  1087 | D:2      | Reached XP level 3. HP: 20/25 MP: 3/6
  1624 | D:2      | Reached XP level 4. HP: 26/31 MP: 2/7
  1732 | D:2      | Noticed Terence
  1745 | D:2      | Killed Terence
  1746 | D:2      | Reached skill level 1 in Armour
  2384 | D:2      | Reached XP level 5. HP: 36/36 MP: 7/9
  2566 | D:3      | Reached skill level 5 in Ice Magic
  3191 | D:4      | Reached skill level 1 in Fighting
  3203 | D:4      | Reached XP level 6. HP: 17/43 MP: 10/10
  3987 | D:4      | Noticed a phantom
  4067 | D:4      | Killed a phantom
  4068 | D:4      | Reached skill level 1 in Shields
  4376 | D:4      | Reached XP level 7. HP: 38/51 MP: 11/11
  4611 | D:5      | Entered Level 5 of the Dungeon
  5080 | D:5      | HP: 1/51 [gnoll/cursed -3 spear (5)]
  6031 | D:5      | Found Iguw's Assorted Antiques.
  6078 | D:5      | Found a staircase to the Ecumenical Temple.
  6106 | Temple   | Entered the Ecumenical Temple
  6112 | Temple   | HP: 1/51 [worker ant (6)]
  6113 | Temple   | Gained mutation: You are dopey. (Int -2) [potion of
                  | mutation]
  6113 | Temple   | Gained mutation: You are covered in fur. (AC +1) [potion of
                  | mutation]
  6113 | Temple   | Slain by a worker ant

Illustrated notes

Levels and vault maps discovered:
D:1:      kennysheep_arrival_forest, layout_rooms
D:2:      layout_loops_ring, uniq_terence
D:3:      layout_rooms
D:4:      lemuel_castle_with_subvaults [lemuel_castle_interior_carwin_1],
          layout_cave_pools, lemuel_flame_loot_1
D:5:      layout_loops_ring, minmay_temple_entry_butterflies, serial_shops,
          nicolae_shop_waterfront, nicolae_shop_crystal, kennysheep_dice
Temple:   eino_narrow_crystal_temple

Skill      XL: |  1  2  3  4  5  6 |
---------------+-------------------+-----
Armour         | 1 2 |  2.3
Ice Magic      | 5 |  5.4
Fighting       | 1 2 |  2.6
Spellcasting   | 3 |  3.3
Dodging        | 3 |  3.2
Shields        | 1 |  1.5
Stealth        | |  2.0
Unarmed Combat | |  0.2

Action                   |  1- 3 |  4- 6 |  7- 9 || total
-------------------------+-------+-------+-------++-------
Melee: Unarmed           |    29 |       |       ||    29
       Flail             |       |   228 |   104 ||   332
 Cast: Freeze            |    47 |     9 |       ||    56
Evoke: Wand              |       |     1 |       ||     1
  Use: Potion            |       |     4 |     3 ||     7
       Scroll            |       |     2 |       ||     2
 Stab: Sleeping          |     1 |       |       ||     1
Armor: Robe              |     7 |       |       ||     7
       Scale mail        |       |   130 |    60 ||   190
Dodge: Dodged            |    50 |   106 |    59 ||   215
Block: Kite shield       |       |    50 |   107 ||   157

Table legend: (Time is in decaauts)
 A = Elapsed time spent in this place.
 B = Non-inter-level travel time spent in this place.
 C = Inter-level travel time spent in this place.
 D = Time resting spent in this place.
 E = Time spent auto-exploring this place.
 F = Levels seen in this place.
 G = Mean time per level.
                   A        B        C        D        E       F      G
               +--------+--------+--------+--------+--------+-----+--------+
         Total |   6249 |   6018 |    231 |   3126 |   1870 |   6 | 1041.5 |
       Dungeon |   6242 |   6011 |    231 |   3126 |   1870 |   5 | 1248.4 |
        Temple |      6 |      6 |      0 |      0 |      0 |   1 |    6.0 |
               +--------+--------+--------+--------+--------+-----+--------+

Top non-repeatable levels by time:
     D:2: 1673 daAuts
     D:5: 1489 daAuts
     D:3: 1259 daAuts
     D:4: 953 daAuts
     D:1: 866 daAuts
  Temple: 6 daAuts
